 Dungeon Crawl Stone Soup version 0.21.1-1-g345015f (webtiles) character file.

7907 pk666 the Thaumaturge (level 11, -2/54 HPs)
             Began as a Deep Elf Wizard on Feb 13, 2018.
             Was a Believer of Vehumet.
             Slain by a basilisk (4 damage)
             ... on level 1 of the Lair of Beasts.
             The game lasted 00:47:39 (15905 turns).

pk666 the Thaumaturge (Deep Elf Wizard)            Turns: 15905, Time: 00:47:40

Health: -2/54      AC:  5    Str:  3 (6)  XL:     11   Next: 2%
Magic:  19/28      EV:  2    Int: 25 (27) God:    Vehumet [**....]
Gold:   629        SH:  0    Dex: 13      Spells: 24/33 levels left

rFire    . . .     SeeInvis .   j - +2 dagger (venom)
rCold    . . .     Gourm    .   (no shield)
rNeg     + + +     Faith    .   O - +0 robe (curse)
rPois    ∞         Spirit   .   R - +1 hat
rElec    .         Reflect  +   H - +0 cloak
rCorr    .         Harm     .   (no gloves)
MR       +....                  h - +0 pair of boots
Stlth    ++........             e - +3 amulet of reflection
HPRegen  0.18/turn              t - +2 ring of strength
MPRegen  0.21/turn              (no ring)

@: petrified
A: no striking features
a: Renounce Religion


You were on level 1 of the Lair of Beasts.
You worshipped Vehumet.
Vehumet was pleased with you.
You were not hungry.

You visited 3 branches of the dungeon, and saw 13 of its levels.

You collected 629 gold pieces.

Inventory:

Hand Weapons
 j - a +2 dagger of venom (weapon)
Missiles
 Q - 8 javelins (quivered)
Armour
 a - a +0 robe
 b - a +0 hat
 h - a +0 pair of boots (worn)
 H - a +0 cloak (worn)
 O - a cursed +0 robe (worn)
 R - a +1 hat (worn)
Magical Staves
 G - an uncursed staff of cold
Jewellery
 e - a +3 amulet of reflection (around neck)
 t - a +2 ring of strength (left hand)
Wands
 s - a wand of clouds (4)
 u - a wand of flame (72)
 z - a wand of digging (7)
 D - a wand of polymorph (44)
 J - a wand of enslavement (18)
Scrolls
 f - 3 scrolls of amnesia {unknown}
 g - 7 scrolls of identify {unknown}
 k - 4 scrolls of remove curse {unknown}
 l - 2 scrolls of fear {unknown}
 m - 2 scrolls of enchant weapon {unknown}
 n - 2 scrolls of fog {unknown}
 p - a scroll of random uselessness {unknown}
 r - 5 scrolls of magic mapping {unknown}
 y - 3 scrolls of blinking {unknown}
 C - 3 scrolls of teleportation {unknown}
 K - a scroll of holy word {unknown}
 L - a scroll of enchant armour {unknown}
 N - a scroll of noise {unknown}
 P - a scroll of brand weapon {unknown}
Potions
 i - 3 potions of degeneration
 o - 2 potions of might
 q - a potion of resistance
 v - a potion of flight {unknown}
 w - a potion of curing
 x - 2 potions of magic {unknown}
 B - a potion of mutation {unknown}
 E - a potion of brilliance {unknown}
 F - a potion of cancellation {unknown}
 M - a potion of haste {unknown}
 S - a potion of agility {unknown}
Books
 c - a book of Minor Magic

   Spells                             Type                      Level
   a - Magic Dart                     Conjuration                  1
   b - Blink                          Translocation                2
   c - Call Imp                       Summoning                    2
   d - Slow                           Hexes                        2
   e - Conjure Flame                  Conjuration/Fire             3
   f - Mephitic Cloud                 Conjuration/Poison/Air       3
 A - a book of Misfortune

   Spells                             Type                      Level
   a - Confusing Touch                Hexes                        1
   b - Confuse                        Hexes                        3
   c - Gell's Gravitas                Translocation                3
   d - Petrify                        Transmutation/Earth          4
   e - Metabolic Englaciation         Hexes/Ice                    5
   f - Yara's Violent Unravelling     Hexes/Transmutation          5
Miscellaneous
 I - a crystal ball of energy
Comestibles
 d - 17 rations


   Skills:
 - Level 5.1 Short Blades
 + Level 9.0 Dodging
 - Level 2.4 Stealth
 + Level 11.5 Spellcasting
 + Level 9.1 Conjurations
   Level 1.1 Summonings
 - Level 3.0 Translocations
 + Level 7.9 Fire Magic
 - Level 2.1 Air Magic
 - Level 3.0 Poison Magic


You had 24 spell levels left.
You knew the following spells:

 Your Spells              Type           Power        Failure   Level  Hunger
a - Magic Dart            Conj           ####         1%          1    None
b - Blink                 Tloc           N/A          1%          2    None
d - Conjure Flame         Conj/Fire      ######..     1%          3    None
z - Mephitic Cloud        Conj/Pois/Air  #####...     1%          3    None


Dungeon Overview and Level Annotations

Branches:
Dungeon (10/15)            Temple (1/1) D:4            Lair (2/6) D:9
  Swamp: Lair:2-4    Shoals: Lair:2-4     Snake: Lair:2-4    Spider: Lair:2-4
    Orc: D:9-12

Altars:
Ashenzari
Cheibriados
Dithmenos
Elyvilon
Fedhas
Gozag
Hepliaklqana
Kikubaaqudgha
Makhleb
Nemelex Xobeh
Okawaru
Qazlal
Ru
Sif Muna
Trog
Uskayaw
Vehumet
Wu Jian
Xom
Yredelemnul
Zin
The Shining One

Shops:
D:8 *


Message History

The basilisk is lightly wounded.
The basilisk gazes at you.
You easily resist.
You have turned to stone.
The basilisk gazes at you.
You easily resist.
The basilisk bites you. The basilisk bites you!
* * * LOW HITPOINT WARNING * * *
The basilisk bites you!
* * * LOW HITPOINT WARNING * * *
The basilisk bites you!
* * * LOW HITPOINT WARNING * * *
The basilisk bites you. The basilisk barely misses you.
The basilisk gazes at you.
You easily resist.
The basilisk gazes at you.
You easily resist.
The basilisk bites you!
You die...

### ### #####
#######.#####.###############.P#.
#..............l.................
#..............#@#..#.#..........
#................................
#...........>..........#..#######
#.......#####P.P.......#..## #
#......## ##.#(......#...#
#......# ##.#.#.####...##
#......## #.............#######
#.......# ##............#.##..#
#......## #....................


You could see a basilisk.

Vanquished Creatures
  A centaur skeleton (D:9)
  A spiny frog (Lair:1)
  A komodo dragon (Lair:1)
  2 hippogriffs
  Sigmund (D:2)
  12 yaks
  A wyvern (D:8)
  A basilisk (Lair:1)
  2 hungry ghosts (D:8)
  4 water moccasins (Lair:1)
  2 porcupines
  2 sky beasts (D:5)
  A phantom (D:8)
  A hornet zombie (D:9)
  2 centaurs
  5 ogres
  15 wolves
  4 crocodiles
  The ghost of pk666 the Magician, an amateur DEWz (D:4)
  A wyvern zombie (D:8)
  7 bullfrogs
  3 scorpions
  The ghost of p0werm0de the Shooter, a weakling DsHu (D:3)
  4 howler monkeys
  A crimson imp (D:7)
  A centaur zombie (D:9)
  A jelly (D:10)
  3 orc wizards
  Crazy Yiuf (D:6)
  A hound (D:8)
  2 iguanas
  Terence (D:2)
  2 worker ants
  A killer bee zombie (D:8)
  2 hound skeletons (D:6)
  3 gnolls (D:2)
  9 adders
  An adder zombie (D:6)
  3 worms
  2 dart slugs
  A leopard gecko (D:7)
  24 orcs
  A ball python (D:4)
  8 giant cockroaches
  6 goblins
  7 hobgoblins
  8 jackals
  4 quokkas
  8 bats
  5 frilled lizards
  A jackal zombie (D:5)
  9 kobolds
  2 leopard gecko skeletons (D:4)
  A quokka skeleton (D:5)
  11 rats
  A fungus (D:6)
206 creatures vanquished.

Vanquished Creatures (others)
  A kobold (D:3)
  4 fungi (Lair:2)
5 creatures vanquished.

Grand Total: 211 creatures vanquished

Notes
Turn   | Place    | Note
-------+----------+-------------------------------------------
     0 | D:1      | pk666 the Deep Elf Wizard began the quest for the Orb.
     0 | D:1      | Reached XP level 1. HP: 10/10 MP: 7/7
   244 | D:1      | Reached XP level 2. HP: 15/15 MP: 5/9
  1102 | D:2      | Noticed Terence
  1116 | D:2      | Killed Terence
  1116 | D:2      | Reached skill level 1 in Short Blades
  1116 | D:2      | Reached skill level 5 in Spellcasting
  1116 | D:2      | Reached XP level 3. HP: 15/19 MP: 0/11
  1129 | D:2      | Learned a level 2 spell: Blink
  1133 | D:2      | Learned a level 3 spell: Mephitic Cloud
  1137 | D:2      | Learned a level 3 spell: Conjure Flame
  1247 | D:2      | Reached XP level 4. HP: 24/24 MP: 4/13
  1356 | D:2      | Found a sacrificial altar of Ru.
  1680 | D:2      | Reached skill level 1 in Poison Magic
  1706 | D:2      | Noticed Sigmund
  1710 | D:2      | Found an ancient bone altar of Kikubaaqudgha.
  1933 | D:2      | Found a deep blue altar of Sif Muna.
  1949 | D:2      | Killed Sigmund
  1949 | D:2      | Reached skill level 1 in Air Magic
  1949 | D:2      | Reached XP level 5. HP: 28/28 MP: 5/14
  2019 | D:2      | Found an ornate altar of the Wu Jian Council.
  2031 | D:2      | Reached XP level 6. HP: 32/32 MP: 8/16
  2154 | D:2      | Found a shadowy altar of Dithmenos.
  2263 | D:2      | Found a snail-covered altar of Cheibriados.
  2269 | D:2      | Found a sacrificial altar of Ru.
  2458 | D:3      | Noticed p0werm0de's ghost (weakling DsHu)
  2859 | D:3      | Killed p0werm0de's ghost
  3091 | D:3      | Found a blossoming altar of Fedhas.
  3146 | D:3      | Found a basalt altar of Yredelemnul.
  3170 | D:3      | Found a radiant altar of Vehumet.
  3178 | D:3      | Became a worshipper of Vehumet
  3895 | D:4      | Noticed pk666's ghost (amateur DEWz)
  4121 | D:4      | Killed pk666's ghost
  4342 | D:4      | Reached XP level 7. HP: 36/36 MP: 12/17
  4430 | D:4      | Found a staircase to the Ecumenical Temple.
  4435 | Temple   | Entered the Ecumenical Temple
  4902 | D:5      | Entered Level 5 of the Dungeon
  4992 | D:5      | Reached skill level 6 in Spellcasting
  5170 | D:5      | Noticed a hippogriff
  5186 | D:5      | Killed a hippogriff
  5492 | D:5      | Reached * piety under Vehumet
  5492 | D:5      | Offered knowledge of Shock by Vehumet.
  5674 | D:5      | Found a stormy altar of Qazlal.
  5972 | D:6      | Reached skill level 5 in Dodging
  6264 | D:6      | Reached XP level 8. HP: 41/41 MP: 10/20
  6577 | D:5      | Reached skill level 7 in Spellcasting
  7445 | D:6      | Found a runed door.
  7449 | D:6      | Noticed Crazy Yiuf
  7455 | D:6      | Killed Crazy Yiuf
  7455 | D:6      | Reached skill level 5 in Conjurations
  8081 | D:7      | Reached skill level 8 in Spellcasting
  8550 | D:8      | Reached skill level 5 in Short Blades
  8776 | D:8      | Found Quthry's Assorted Antiques.
  8871 | D:8      | Reached XP level 9. HP: 45/45 MP: 7/23
  9508 | D:8      | Reached skill level 9 in Spellcasting
  9998 | D:8      | Found a shattered altar of Ashenzari.
 10431 | D:9      | Reached skill level 5 in Fire Magic
 10526 | D:9      | Found a sparkling altar of Nemelex Xobeh.
 10805 | D:9      | Found an iron altar of Okawaru.
 10926 | D:9      | Found a staircase to the Lair.
 11269 | D:9      | Offered knowledge of Flame Tongue by Vehumet.
 11539 | D:10     | Entered Level 10 of the Dungeon
 11545 | D:10     | Reached ** piety under Vehumet
 11552 | D:10     | Noticed a rime drake
 11573 | Lair:1   | Entered Level 1 of the Lair of Beasts
 11628 | Lair:1   | Noticed a komodo dragon
 11675 | D:9      | Reached skill level 10 in Spellcasting
 11836 | Lair:1   | Reached XP level 10. HP: 47/50 MP: 12/26
 13601 | Lair:2   | Noticed a six-headed hydra
 13618 | Lair:1   | Reached skill level 11 in Spellcasting
 13890 | Lair:2   | Noticed an ettin
 13890 | Lair:2   | a six-headed hydra changed into an ettin
 14023 | Lair:2   | Noticed a spiny frog
 14259 | Lair:1   | HP: 2/50 [poisoned by a spiny frog]
 14272 | Lair:1   | Killed a spiny frog
 15873 | Lair:2   | Reached XP level 11. HP: 43/54 MP: 22/28
 15900 | Lair:1   | HP: 1/54 [basilisk (8)]
 15905 | Lair:1   | Slain by a basilisk

Skill      XL: |  1  2  3  4  5  6  7  8  9 10 |
---------------+-------------------------------+-----
Dodging        | 3 4 5 7 9 |  9.0
Short Blades   | 1 2 3 5 |  5.1
Spellcasting   | 5 6 8 10 11 | 11.5
Conjurations   | 2 3 4 6 7 9 |  9.1
Poison Magic   | 2 3 |  3.0
Fire Magic     | 2 3 4 6 7 |  7.9
Air Magic      | 1 2 |  2.1
Translocations | 3 |  3.0
Stealth        | |  2.4
Summonings     | |  1.1

Action                   |  1- 3 |  4- 6 |  7- 9 | 10-12 || total
-------------------------+-------+-------+-------+-------++-------
Melee: Dagger            |     5 |    33 |   123 |   151 ||   312
 Cast: Magic Dart        |    67 |   156 |   296 |   112 ||   631
       Mephitic Cloud    |     1 |     8 |    26 |    40 ||    75
       Conjure Flame     |     1 |     4 |    22 |     4 ||    31
       Blink             |       |     3 |     8 |    21 ||    32
Evoke: Wand              |       |       |       |     1 ||     1
  Use: Potion            |       |       |       |     8 ||     8
 Stab: Confused          |       |     1 |     5 |    15 ||    21
       Sleeping          |       |     1 |     1 |     1 ||     3
  Eat: Chunk             |     1 |     9 |    16 |    10 ||    36
       Ration            |       |       |     2 |     1 ||     3
Armor: Robe              |     4 |    14 |     8 |    19 ||    45
Dodge: Dodged            |    14 |    55 |    69 |   113 ||   251
Block: Other             |       |       |    14 |     8 ||    22
